 Dungeon Crawl Stone Soup version 0.23.2-33-g5129a83184 (webtiles) character file.

Game seed: 693344391251924906

74 Folque the Conjurer (level 3, -1/28 HPs)
             Began as a Demigod Conjurer on July 11, 2019.
             Slain by an orc wizard
             ... wielding a +0 dagger
              (3 damage)
             ... on level 2 of the Dungeon.
             The game lasted 00:05:48 (2278 turns).

Folque the Conjurer (Demigod Conjurer)              Turns: 2278, Time: 00:05:48

Health: -1/28      AC:  3    Str: 11    XL:     3   Next: 86%
Magic:  0/9        EV: 12    Int: 21    God:
Gold:   131        SH:  0    Dex: 16    Spells: 0/6 levels left

rFire    . . .     SeeInvis .   d - +0 dagger
rCold    . . .     Gourm    .   (no shield)
rNeg     . . .     Faith    .   a - +1 robe
rPois    .         Spirit   .   (no helmet)
rElec    .         Reflect  .   (no cloak)
rCorr    .         Harm     .   (no gloves)
MR       .....                  (no boots)
Stlth    ++........             (no amulet)
HPRegen  0.09/turn              (no ring)
MPRegen  0.11/turn              (no ring)

@: no status effects
A: high mp 1
a: no special abilities


You were on level 2 of the Dungeon.
You were not hungry.

You visited 1 branch of the dungeon, and saw 3 of its levels.

You collected 131 gold pieces.

Inventory:

Hand Weapons
 d - a +0 dagger (weapon)
Armour
 a - a +1 robe (worn)
 e - a +0 ring mail
 h - a +0 buckler
 k - a +0 ring mail
 n - a +0 pair of gloves
Jewellery
 i - an uncursed ring of ice {unknown}
 l - a cursed -2 ring of evasion
 o - an uncursed ring of fire {unknown}
Scrolls
 b - a scroll of fog
 g - a scroll of fear {unknown}
 j - a scroll of remove curse {unknown}
 p - a scroll of blinking {unknown}
Potions
 f - a potion of mutation
Comestibles
 c - 6 rations
 m - 2 chunks of flesh


   Skills:
 - Level 1.0 Fighting
 - Level 1.7 Dodging
 - Level 1.7 Stealth
 * Level 2.4 Spellcasting
 - Level 4.4 Conjurations
 + Level 0.5 Hexes


You couldn't memorise any spells.
You knew the following spells:

 Your Spells              Type           Power        Failure   Level  Hunger
a - Magic Dart            Conj           ###.         2%          1    None
b - Searing Ray           Conj           ###...       3%          2    ##.....
c - Dazzling Spray        Conj/Hex       ##....       16%         3    ###....

Your spell library contained the following spells:

 Spells                   Type           Power        Failure   Level  Hunger
 Iskenderun's Mystic Bla  Conj           ###.....     22%         4    ####...
 Fulminant Prism          Conj/Hex       ##........   45%         4    ####...
 Force Lance              Conj/Tloc      ##......     50%         4    ####...


Dungeon Overview and Level Annotations

Branches:
Dungeon (3/15)


Innate Abilities, Weirdness & Mutations

You have an increased reservoir of magic. (+10% MP)


Message History

The orc wizard closely misses you.
You climb upwards.
There is a stone staircase leading down here.
You closely miss the orc wizard.
The orc wizard looks satisfied for a moment.
The orc wizard hits you but does no damage.
Casting: Magic Dart (safe; 2% risk of failure)
Confirm with . or Enter, or press ? or * to list all spells.
Aiming: Searing Ray (safe; 3% risk of failure)
Press: ? - help, Shift-Dir - straight line, f - orc wizard
Aim: an orc wizard, wielding a +0 dagger and wearing a +0 robe (fast)
The searing ray hits the orc wizard.
The orc wizard is moderately wounded. (Press . to maintain the ray.)
The orc wizard gestures at you while chanting.
The puff of flame hits you!
* * * LOW HITPOINT WARNING * * *
The searing ray misses the orc wizard.
The orc wizard hits you with a +0 dagger.
You die...

# # # # ########## #
#........##
######### #
#รท###.....#
##.)...... #
#.###.##..#
##.>####### ###
#.##...o@.#####...##
..#
#..................#
#.#
####..###.#####...##
#.# #...# #.# ##.##
#.# #.#.###.# #.#
#.# #.#.....# #.#
#.# #.####### ##'##
#.# #.# ##...## #.#
#.#### ##.....##


You could see an orc wizard.

Vanquished Creatures
  2 adders
  2 dart slugs (D:1)
  3 leopard geckos (D:2)
  3 orcs
  3 giant cockroaches (D:2)
  4 hobgoblins
  5 kobolds
  A quokka (D:2)
  A ball python (D:2)
  4 bats
  10 frilled lizards (D:2)
  6 goblins
  5 rats
49 creatures vanquished.

Notes
Turn   | Place    | Note
-------+----------+-------------------------------------------
     0 | D:1      | Folque the Demigod Conjurer began the quest for the Orb.
     0 | D:1      | Reached XP level 1. HP: 14/14 MP: 5/5
    60 | D:1      | Found a sparkling altar of Nemelex Xobeh.
   417 | D:1      | Reached XP level 2. HP: 9/22 MP: 5/7
   704 | D:1      | Learned a level 2 spell: Searing Ray
   741 | D:1      | Reached skill level 4 in Conjurations
  1346 | D:2      | Reached skill level 1 in Fighting
  1378 | D:2      | Reached XP level 3. HP: 27/28 MP: 6/8
  1679 | D:2      | Learned a level 3 spell: Dazzling Spray
  1766 | D:2      | Found a shattered altar of Ashenzari.
  1777 | D:2      | Found a glowing silver altar of Zin.
  2278 | D:2      | Slain by an orc wizard

Skill      XL: |  1  2 |
---------------+-------+-----
Spellcasting   | 2 |  2.4
Conjurations   | 4 |  4.4
Fighting       | 1 |  1.0
Dodging        | |  1.7
Stealth        | |  1.7
Hexes          | |  0.5

Action                   || total
-------------------------++-------
Melee: Dagger            ||   102
 Cast: Magic Dart        ||    38
       Searing Ray       ||     5
       Dazzling Spray    ||     2
  Use: Scroll            ||     4
 Stab: Sleeping          ||     5
  Eat: Chunk             ||     5
Armor: Robe              ||    21
Dodge: Dodged            ||    90
